 Dungeon Crawl Stone Soup version 0.18.1-48-g4cf74bf (webtiles) character file.

3542 Gargoyl the Protected (level 9, -5/69 HPs)
             Began as a Demonspawn Abyssal Knight on Aug 31, 2016.
             Was a High Priest of Lugonu.
             Killed from afar by Joseph (24 damage)
             ... with a wand of lightning
             ... on level 8 of the Dungeon.
             The game lasted 00:14:13 (7182 turns).

Gargoyl the Protected (Demonspawn Abyssal Knight)   Turns: 7182, Time: 00:14:14

Health: -5/69      AC: 19    Str: 23    XL:     9   Next: 82%
Magic:  11/11      EV:  8    Int: 15    God:    Lugonu [*****.]
Gold:   306        SH: 12    Dex: 15    Spells: 0 memorised, 8 levels left

rFire  . . .     SeeInvis .     g - +9 morningstar of Experimentation {venom, +Rage Str+2 Dex+3 Stlth-}
rCold  . . .     Gourm    .     d - +0 chain mail
rNeg   . . .     Faith    .     r - +2 shield
rPois  .         Spirit   .     (helmet restricted)
rElec  .         Dismiss  .     t - +0 cloak
rCorr  .         Reflect  .     v - +0 pair of gloves
SustAt .         Harm     .     i - +0 pair of boots
MR     .....                    (no amulet)
Stlth  ..........               (no ring)
                                m - +6 ring of strength

@: not resistant to hostile enchantments, extremely unstealthy
A: antennae 1, iridescent scales 1, foul stench 1, spiny 2, rot immunity
a: Depart the Abyss, Bend Space, Banish, Corrupt, Enter the Abyss, Renounce
Religion, Evoke Berserk Rage


You were on level 8 of the Dungeon.
You worshipped Lugonu.
Lugonu was extremely pleased with you.
You were not hungry.

You visited 1 branch of the dungeon, and saw 8 of its levels.
You visited the Abyss 1 time.

You collected 442 gold pieces.
You spent 136 gold pieces at shops.

Inventory:

Hand Weapons
 a - a +3 hand axe
 g - the +9 morningstar of Experimentation (weapon) {venom, +Rage Str+2 Dex+3 Stlth-}
   (You found it on level 6 of the Dungeon)

   It poisons the flesh of those it strikes.
   It affects your strength (+2).
   It affects your dexterity (+3).
   It lets you go berserk.
   It makes you less stealthy.
Armour
 d - a +0 chain mail (worn)
 i - a +0 pair of boots (worn)
 r - a +2 shield (worn)
 t - a +0 cloak (worn)
 v - a +0 pair of gloves (worn)
Jewellery
 m - a +6 ring of strength (left hand)
 y - an uncursed amulet of rage {unknown}
Wands
 x - a wand of hasting (8/9)
Scrolls
 h - 11 scrolls of identify
 k - a scroll of blinking
 l - a scroll of amnesia
 n - a scroll of remove curse
 o - a scroll of fog
 s - a scroll of enchant weapon
Potions
 e - a potion of agility
 f - a potion of invisibility {unknown}
 p - 2 potions of ambrosia {unknown}
 q - a potion of might
 u - a potion of degeneration {unknown}
Books
 j - a book of Alchemy

   Spells                             Type                      Level
   a - Sublimation of Blood           Necromancy                   2
   b - Ignite Poison                  Fire/Transmutation/Poison    3
   c - Petrify                        Transmutation/Earth          4
   d - Alistair's Intoxication        Transmutation/Poison         5
   e - Irradiate                      Conjuration/Transmutation    5
Comestibles
 b - 5 meat rations
 c - 5 bread rations
 w - 6 beef jerkies


   Skills:
 + Level 6.0 Fighting
 + Level 4.9(5.2) Axes
 + Level 2.5(4.1) Maces & Flails
 * Level 8.1 Armour
 + Level 4.3 Dodging
 + Level 0.6 Stealth
 + Level 5.2 Shields
 + Level 2.9 Invocations


You had 8 spell levels left.
You didn't know any spells.

Dungeon Overview and Level Annotations

Branches:
Dungeon (8/15)             Temple (0/1) D:6
   Lair: D:8-11

Altars:
Ashenzari
Gozag
Nemelex Xobeh
Okawaru
Pakellas
Qazlal
Ru
Trog
Vehumet
Xom
Yredelemnul
Zin

Shops:
D:4 !

Annotations:
D:8 Joseph


Innate Abilities, Weirdness & Mutations

You have a pair of small antennae on your head.
You are partially covered in iridescent scales (AC +4).
You may emit foul miasma when damaged in melee.
You are mostly covered in sharp spines.
You are immune to rotting.


Message History

You block the sling bullet. The orc is struck by your spines. The orc hits you.
Joseph shoots a sling bullet.
The sling bullet barely misses you.
The phantom blinks!
You impale Joseph!!
Joseph is poisoned.
Joseph is moderately wounded.
You kill the orc!
Lugonu accepts your kill.
Joseph says, "I'm here to kill trespassers.
I like my job."
Joseph unwields an uncursed hunting sling.
Joseph wields an uncursed quarterstaff.
You block Joseph's attack. The phantom barely misses you.
The phantom blinks!
You barely miss Joseph.
Joseph is heavily wounded.
Joseph zaps a wand.
The bolt of lightning misses you.
The bolt of lightning hits the orc.
The orc dies!
The bolt of lightning hits you!
* * * LOW HITPOINT WARNING * * *
Joseph zaps a wand.
The bolt of lightning hits you!
You die...

### ..# #.#
#.# {#.# . .
#.# ....
#(####.....
#()@@...W..
#.#.#.ยง......
#.#.'......#'
#.#.#......#
#.#.#.#....#
#.#.#.#.####
#.#.#.#.#
######.#.#.#.#
#<.......#


You could see Joseph and a phantom.

Vanquished Creatures
  The ghost of Dezgol the Ducker, a novice DsGl of Trog (D:5)
  Grinder (D:4)
  6 yaks (D:8)
  Sigmund (D:2)
  Eustachio (D:4)
  Menkaure (D:6)
  A sky beast (D:5)
  An ogre (D:8)
  2 phantoms
  A big kobold (D:7)
  Blork the orc (D:4)
  4 scorpions
  3 killer bees (D:7)
  A jelly (D:4)
  A giant frog zombie (D:7)
  4 crimson imps
  A centaur skeleton (D:6)
  An orc priest (D:4)
  2 giant frog skeletons
  2 hounds
  3 iguanas
  3 orc wizards
  6 worker ants
  2 hound skeletons
  Robin (D:4)
  3 gnolls (D:6)
  12 adders
  A shadow imp (D:7)
  An ooze (D:2)
  An adder skeleton (D:4)
  An adder zombie (D:8)
  2 worms
  2 dart slugs
  4 giant geckos
  18 orcs
  6 giant cockroaches
  15 goblins
  7 hobgoblins
  9 jackals
  11 kobolds
  5 quokkas
  3 ball pythons
  11 bats
  5 giant newts
  10 rats
178 creatures vanquished.

Vanquished Creatures (others)
  An orc (D:8)
  A plant (Abyss:2)
2 creatures vanquished.

Grand Total: 180 creatures vanquished

Notes
Turn   | Place    | Note
--------------------------------------------------------------
     0 | Abyss:1  | Gargoyl the Demonspawn Abyssal Knight began the quest for the Orb.
     0 | Abyss:1  | Reached XP level 1. HP: 18/18 MP: 2/2
    39 | Abyss:2  | Found a corrupted altar of Lugonu.
    47 | Abyss:2  | Noticed an iron imp
    75 | Abyss:2  | Noticed a raiju
    77 | D:1      | Escaped the Abyss
   117 | D:1      | Reached skill level 1 in Dodging
   203 | D:1      | Reached * piety under Lugonu
   210 | D:1      | Gained mutation: You are partially covered in sharp spines. [demonic ancestry]
   210 | D:1      | Reached XP level 2. HP: 24/24 MP: 3/3
   372 | D:1      | Reached skill level 2 in Armour
   749 | D:1      | Gained mutation: You have a pair of small antennae on your head. [demonic ancestry]
   749 | D:1      | Reached XP level 3. HP: 29/29 MP: 4/4
  1042 | D:2      | Reached ** piety under Lugonu
  1226 | D:2      | Found a sacrificial altar of Ru.
  1284 | D:2      | Noticed Sigmund
  1300 | D:2      | Killed Sigmund
  1300 | D:2      | Reached skill level 3 in Armour
  1300 | D:2      | Reached XP level 4. HP: 16/37 MP: 4/6
  1300 | D:2      | Gained mutation: You are mostly covered in sharp spines. [demonic ancestry]
  1300 | D:2      | Reached XP level 5. HP: 18/42 MP: 4/7
  2025 | D:3      | Found a sparkling altar of Nemelex Xobeh.
  2141 | D:3      | Gained mutation: You are immune to rotting. [demonic ancestry]
  2141 | D:3      | Reached XP level 6. HP: 47/48 MP: 8/8
  2522 | D:3      | Found a radiant altar of Vehumet.
  2599 | D:3      | Found an iron altar of Okawaru.
  2696 | D:4      | Found Alokocij's Distillery.
  2699 | D:4      | Bought a potion of heal wounds for 65 gold pieces
  2699 | D:4      | Bought a potion of curing for 39 gold pieces
  2699 | D:4      | Bought a potion of mutation for 32 gold pieces
  2701 | D:4      | Gained mutation: You are agile. (Dex +2) [potion of mutation]
  2701 | D:4      | Gained mutation: You are occasionally teleported next to monsters. [potion of mutation]
  2701 | D:4      | Gained mutation: You are resistant to hostile enchantments. [potion of mutation]
  2702 | D:4      | Gained mutation: You can translocate small distances at will. [potion of mutation]
  2702 | D:4      | Lost mutation: You are agile. (Dex +2) [potion of mutation]
  2704 | D:4      | Noticed Blork the orc
  2714 | D:4      | Killed Blork the orc
  2714 | D:4      | Reached skill level 4 in Armour
  2977 | D:4      | Found a shattered altar of Ashenzari.
  2979 | D:4      | Found a shimmering altar of Xom.
  3165 | D:4      | Found a glowing silver altar of Zin.
  3226 | D:4      | Noticed Eustachio
  3238 | D:4      | Reached skill level 1 in Shields
  3242 | D:4      | Gained mutation: You may emit foul miasma when damaged in melee. [demonic ancestry]
  3242 | D:4      | Reached XP level 7. HP: 55/55 MP: 9/9
  3249 | D:4      | Killed Eustachio
  3302 | D:4      | Reached *** piety under Lugonu
  3375 | D:4      | Noticed Robin
  3386 | D:4      | Killed Robin
  3448 | D:4      | Reached skill level 5 in Armour
  3567 | D:4      | Noticed Grinder
  3583 | D:4      | Found a bloodstained altar of Trog.
  3637 | D:4      | Paralysed by Grinder for 2 turns
  3659 | D:4      | Killed Grinder
  3938 | D:4      | Gained mutation: You tend to lose your temper in combat. [potion of mutation]
  4084 | D:5      | Entered Level 5 of the Dungeon
  4092 | D:5      | Reached XP level 8. HP: 61/61 MP: 10/10
  4338 | D:5      | Noticed Dezgol's ghost (novice DsGl)
  4362 | D:5      | Killed Dezgol's ghost
  4362 | D:5      | Reached skill level 5 in Fighting
  4382 | D:5      | Gained mutation: Your mind is acute. (Int +2) [mutagenic meat]
  4383 | D:5      | Gained mutation: You are weak. (Str -2) [mutagenic meat]
  4384 | D:5      | Gained mutation: Scrolls take you a little longer to read. [mutagenic meat]
  4385 | D:5      | Gained mutation: Scrolls take you longer to read. [mutagenic meat]
  4730 | D:5      | Reached skill level 6 in Armour
  5013 | D:5      | Lost mutation: You are weak. (Str -2) [potion of cure mutation]
  5013 | D:5      | Lost mutation: You can translocate small distances at will. [potion of cure mutation]
  5013 | D:5      | Lost mutation: Your mind is acute. (Int +2) [potion of cure mutation]
  5013 | D:5      | Lost mutation: You tend to lose your temper in combat. [potion of cure mutation]
  5013 | D:5      | Lost mutation: Scrolls take you longer to read. [potion of cure mutation]
  5013 | D:5      | Lost mutation: You are resistant to hostile enchantments. [potion of cure mutation]
  5193 | D:6      | Reached **** piety under Lugonu
  5222 | D:6      | Found a stormy altar of Qazlal.
  5294 | D:6      | Found a staircase to the Ecumenical Temple.
  5352 | D:6      | Lost mutation: Scrolls take you a little longer to read. [potion of cure mutation]
  5352 | D:6      | Lost mutation: You are occasionally teleported next to monsters. [potion of cure mutation]
  5559 | D:6      | Noticed Menkaure
  5571 | D:6      | Killed Menkaure
  5578 | D:6      | Gained mutation: You are partially covered in iridescent scales (AC +4). [demonic ancestry]
  5578 | D:6      | Reached XP level 9. HP: 18/68 MP: 11/11
  6033 | D:6      | Got a steaming morningstar
  6034 | D:6      | Identified the +9 morningstar of Experimentation {venom, +Rage Str+2 Dex+3 Stlth-} (You found it on level 6 of the Dungeon)
  6232 | D:7      | Reached skill level 7 in Armour
  6329 | D:7      | Found an oddly glowing altar of Pakellas.
  6358 | D:7      | Found an opulent altar of Gozag.
  6358 | D:7      | Found a basalt altar of Yredelemnul.
  6773 | D:7      | Found a sacrificial altar of Ru.
  7119 | D:8      | Reached skill level 1 in Maces & Flails
  7122 | D:8      | Reached skill level 5 in Shields
  7128 | D:8      | Reached skill level 8 in Armour
  7172 | D:8      | Noticed Joseph
  7173 | D:8      | Reached ***** piety under Lugonu
  7182 | D:8      | Killed from afar by Joseph

Skill      XL: |  1  2  3  4  5  6  7  8  9 |
---------------+----------------------------+-----
Dodging        | 1 2 3 4 |  4.3
Axes           | 2 3 4 |  4.9
Armour         | 2 3 4 5 6 8 |  8.1
Fighting       | 4 5 6 |  6.0
Shields        | 1 2 4 5 |  5.2
Maces & Flails | 2 |  2.5
Stealth        | |  0.6
Invocations    | |  2.9

Action                   |  1- 3 |  4- 6 |  7- 9 || total
-------------------------+-------+-------+-------++-------
Melee: Hand axe          |    53 |    76 |   163 ||   292
       Morningstar       |       |       |    83 ||    83
Invok: Depart the Abyss  |     1 |       |       ||     1
  Use: Potion            |       |     3 |    13 ||    16
       Scroll            |       |       |    15 ||    15
  Eat: Chunk             |     1 |     6 |    13 ||    20
       Bread ration      |       |       |     1 ||     1
Armor: Chain mail        |    46 |    53 |   103 ||   202
Dodge: Dodged            |    21 |    12 |    54 ||    87
Block: Shield            |       |    47 |   140 ||   187
